 Dungeon Crawl Stone Soup version 0.20.0-15-g7f486f2 (webtiles) character file.

395183 Raukatau the Acrobat (level 23, 0/206 HPs)
             Began as a Merfolk Gladiator on June 29, 2017.
             Was the Champion of Okawaru.
             Slain by a tengu reaver
             ... wielding a +0 bardiche of chopping
              (3 damage)
             ... on level 5 of the Vaults.
             The game lasted 04:29:27 (43234 turns).

Raukatau the Acrobat (Merfolk Gladiator)           Turns: 43234, Time: 04:29:29

Health: 0/206      AC: 42    Str: 21    XL:     23   Next: 18%
Magic:  0/31       EV: 16    Int: 11    God:    Okawaru [******]
Gold:   1537       SH: 16    Dex: 18    Spells: 22/22 levels left

rFire    + + +     SeeInvis +   V - +4 demon trident "Astopeic" {vamp, -Tele rC+ SInv}
rCold    + + .     Gourm    .   a - +0 shield {rF+}
rNeg     + . .     Faith    .   A - +10 gold dragon scales
rPois    +         Spirit   +   P - +1 helmet {Int+3}
rElec    +         Reflect  .   b - scarf {repulsion}
rCorr    .         Harm     .   N - +2 pair of gloves of Decompression {Slay+3}
MR       +....     NoTele   +   c - +2 pair of boots {run}
Stlth    ..........             z - amulet of guardian spirit
Regen    0.5/turn               G - ring of Wuciub {*Contam rElec rN+ MR+ SInv}
MPRegen  0.3/turn               i - ring "Jewoh" {rElec rF+ Slay+2 SInv}

@: lethally poisoned (0 -> -3), vulnerable, heroism, finesse, constricted, repel
missiles, quick
A: change form in water, swift swim, stealthy swim, no potion heal 1, subdued
magic 1, sturdy frame 1
}: 2/15 runes: barnacled, gossamer
a: Heroism, Finesse, Renounce Religion


You were on level 5 of the Vaults.
You worshipped Okawaru.
Okawaru was exalted by your worship.
You were not hungry.

You visited 6 branches of the dungeon, and saw 36 of its levels.
You visited 2 bazaars.
You also visited: Trove.

You collected 4577 gold pieces.
You spent 3040 gold pieces at shops.

Inventory:

Hand Weapons
 V - the +4 demon trident "Astopeic" (weapon) {vamp, -Tele rC+ SInv}
   (You acquired it on level 7 of the Dungeon)

   It inflicts no extra harm, but heals its wielder when it wounds a living foe.
   It protects you from cold.
   It lets you see invisible.
   It prevents most forms of teleportation.
Missiles
 u - 11 throwing nets (quivered)
Armour
 a - a +0 shield of fire resistance (worn)
 b - a scarf of repulsion (worn)
 c - a +2 pair of boots of running (worn)
 A - +10 gold dragon scales (worn)
 N - the +2 pair of gloves of Decompression (worn) {Slay+3}
   (You bought it in a shop on level 2 of the Orcish Mines)

   It affects your accuracy and damage with ranged weapons and melee attacks
   (+3).
 P - a +1 helmet of intelligence (worn)
Jewellery
 i - the ring "Jewoh" (right hand) {rElec rF+ Slay+2 SInv}
   (You bought it in a shop in a bazaar)

   [ring of protection from fire]

   It affects your accuracy and damage with ranged weapons and melee attacks
   (+2).
   It protects you from fire.
   It insulates you from electricity.
   It lets you see invisible.
 m - an uncursed ring of poison resistance
 n - an uncursed ring of resist corrosion
 y - an uncursed ring of protection from fire
 z - an amulet of guardian spirit (around neck)
 G - the ring of Wuciub (left hand) {*Contam rElec rN+ MR+ SInv}
   (You found it in a treasure trove)

   [ring of protection from magic]

   It insulates you from electricity.
   It protects you from negative energy.
   It affects your resistance to hostile enchantments.
   It lets you see invisible.
   It causes magical contamination when unequipped.
 T - an uncursed ring of protection from magic
 X - an uncursed ring of protection from cold
Wands
 k - a wand of digging (16/24)
 q - a wand of lightning (12/15)
 M - a wand of acid (5/15)
Scrolls
 h - 12 scrolls of teleportation
 p - 2 scrolls of brand weapon
 s - 6 scrolls of identify
 C - 4 scrolls of enchant weapon
 D - 2 scrolls of fear
 E - 7 scrolls of fog
 H - 9 scrolls of remove curse
 J - 5 scrolls of recharging
 K - a scroll of summoning
 L - 4 scrolls of magic mapping
 R - 3 scrolls of immolation
 U - 3 scrolls of blinking
Potions
 d - 6 potions of cancellation
 e - 5 potions of haste
 g - a potion of mutation
 j - 5 potions of lignification
 l - 14 potions of curing
 o - 5 potions of flight
 t - a potion of magic
 v - 4 potions of invisibility
 w - 2 potions of brilliance
 B - 3 potions of might
 F - 3 potions of agility
 Q - 3 potions of resistance
Comestibles
 f - 15 bread rations
 r - 11 fruits
 x - 7 meat rations
 I - 7 chunks of flesh
 O - 34 royal jellies


   Skills:
 + Level 23.0(27) Fighting
 - Level 20.0(25.0) Polearms
 - Level 2.0(7.0) Throwing
 + Level 12.6(17.6) Armour
 + Level 23.1(27) Dodging
 - Level 15.0(20.0) Shields
 - Level 11.0 Invocations


You had 22 spell levels left.
You didn't know any spells.

Dungeon Overview and Level Annotations

Branches:
Dungeon (15/15)            Temple (0/1) D:4            Lair (6/6) D:9
 Shoals (4/4) Lair:4       Spider (4/4) Lair:2        Slime (0/5) Lair:5
    Orc (2/2) D:9             Elf (0/3) Orc:2        Vaults (5/5) D:13
  Crypt (0/3) Vaults:3     Depths (0/5) D:15

Altars:
Dithmenos
Fedhas
Gozag
Hepliaklqana
Kikubaaqudgha
Nemelex Xobeh
Okawaru
Qazlal
Ru
Sif Muna
Trog
Xom
Yredelemnul
Zin
The Shining One
Beogh
Jiyva

Shops:
D:6 !   D:11 ?   D:13 *   D:14 *   Orc:2 [[=[:[(   Vaults:2 =   Vaults:3 %
Vaults:4 (

Annotations:
D:15 exclusion: Roxanne, Roxanne
Lair:5 1 runed door


Innate Abilities, Weirdness & Mutations

You revert to your normal form in water.
You are very nimble and swift while swimming.
You are very stealthy in the water. (Stealth+)
Potions are less effective at restoring your health.
Your spells are a little easier to cast, but a little less powerful.
Your movements are slightly less encumbered by armour. (ER -2)


Message History

The deep elf demonologist convulses!
The ironbrand convoker convulses!
Your body is wracked with pain!
* * * LOW HITPOINT WARNING * * *
The yaktaur convulses!
The deep troll convulses!
The death knight convulses!
The ogre mage convulses!
The great orb of eyes convulses!
The deep elf annihilator convulses!
The deep troll convulses! x2
The ironbrand convoker convulses!
The yaktaur convulses!
The yaktaur captain convulses!
The shadow dragon convulses!
The orc convulses!
The wolf spider convulses!
The deep troll earth mage convulses!
The deep troll convulses!
The tengu reaver convulses!
The vault warden convulses!
The yaktaur convulses!
The eye of devastation convulses!
The deep troll bites you but does no damage.
The deep troll barely misses you. The deep troll claws you.
* * * LOW HITPOINT WARNING * * *
The great orb of eyes bites you.
* * * LOW HITPOINT WARNING * * *
The tengu reaver hits you from afar with a bardiche of chopping!
* * * LOW HITPOINT WARNING * * *
You die...

....#....#..#.
....#....#...
...........
###........####
.......Gc......
.....pTT3D...[.
....cc8Tep4.O..
.....Tc@pe1....
##...pTXG2.####
.....Q*so4.....
.........#.....
....#....#..###
#...#....# .#
).. #....# # ..
#....#


You could see a shadow dragon, a tentacled monstrosity, a Tzitzimitl, a vault
warden, a tengu reaver, a death knight, a yaktaur captain, a deep elf
annihilator, a great orb of eyes shaped shifter, a crystal guardian, an eye of
devastation shaped shifter, a wolf spider, an ogre mage, 4 deep trolls, a shadow
demon, a deep elf demonologist, an orange demon, 2 ironbrand convokers, a deep
troll earth mage, 3 yaktaurs, a smoke demon, a red devil, a battlesphere and an
orc.

Vanquished Creatures
  Sojobo (Vaults:2)
  Bai Suzhen (Shoals:3)
  Saint Roka (Vaults:1)
  A golden dragon (Vaults:4)
  A large abomination (Vaults:2)
  Nikola (Spider:2)
  Jorgrun (Vaults:3)
  Rupert (Lair:6)
  A tentacled monstrosity (Vaults:4)
  A titan (Vaults:4)
  Frances (Spider:1)
  4 krakens
  Polyphemus (Shoals:3)
  Agnes (Spider:1)
  4 tengu reavers
  A revenant (Vaults:3)
  Ilsuiw (Shoals:4)
  2 frost giants
  2 deep elf sorcerers
  7 ghost moths
  The ghost of koelner the Hand of Fortune, an adept DsVM of Nemelex Xobeh (Shoals:4)
  3 orc warlords
  8 emperor scorpions
  16 vault wardens
  Louise (Shoals:1)
  2 ghouls
  6 very ugly things
  13 ironheart preservers
  A small abomination (Vaults:2)
  8 stone giants
  6 entropy weavers
  A war gargoyle (Vaults:4)
  A vampire knight (Vaults:3)
  Azrael (Spider:1)
  A deep elf demonologist (Vaults:2)
  2 spark wasps
  2 ettins
  3 fire dragons
  6 merfolk javelineers
  2 deep elf death magi
  9 yaktaur captains
  A crystal guardian (Vaults:4)
  15 merfolk impalers
  A great orb of eyes (Vaults:3)
  6 hydras
  2 ice dragons
  Fannar (D:10)
  32 vault guards
  2 rakshasas (Vaults:3)
  Erolcha (D:9)
  5 merfolk avatars
  A catoblepas (Shoals:3)
  3 death knights
  A queen ant (Spider:2)
  5 merfolk aquamancers
  32 two-headed ogres
  8 ogre magi
  9 death yaks
  4 satyrs
  A deep troll shaman (Vaults:2)
  2 alligator snapping turtles
  6 centaur warriors
  2 deep troll earth magi (Vaults:1)
  4 deep elf knights (Vaults:2)
  4 orc high priests
  4 hell knights (Vaults:4)
  9 skeletal warriors
  2 unseen horrors (shapeshifter)
  8 unseen horrors
  3 glowing orange brains
  15 sea snakes
  A swamp dragon (Lair:6)
  6 wizards
  17 ironbrand convokers
  18 deep trolls
  An orange crystal statue (Shoals:1)
  6 deep elf archers
  The ghost of destino the Transmogrifier, a novice OpTm of Okawaru (D:8)
  3 phantasmal warriors
  3 necromancers
  A harpy (shapeshifter) (Vaults:1)
  18 harpies
  22 orc knights
  14 orb spiders
  23 ugly things
  44 wolf spiders
  19 deep elf magi
  5 manticores
  4 orc sorcerers
  3 oklob plants (Lair:5)
  12 cyclopes
  9 fauns
  16 vault sentinels
  16 elephants
  Maurice (D:9)
  5 merfolk sirens
  6 moths of wrath
  A centaur zombie (D:15)
  A torpor snail (Spider:2)
  An eye of devastation (shapeshifter) (Vaults:1)
  4 black mambas
  A fire giant skeleton (Vaults:2)
  9 spiny frogs
  13 water nymphs
  2 naga magi (D:15)
  9 komodo dragons
  35 yaktaurs
  8 freezing wraiths
  2 kobold demonologists (D:14)
  10 rime drakes
  An efreet (D:15)
  17 demonic crawlers
  36 jumping spiders
  39 merfolk
  3 meliai (D:15)
  A queen bee (shapeshifter) (Vaults:3)
  6 trolls
  10 polar bears
  7 wind drakes
  The ghost of tschems the Chopper, an amateur HuFi of Okawaru (D:4)
  12 hornets
  14 hippogriffs
  12 slime creatures
  4 raiju (Lair:6)
  20 blink frogs
  A tengu simulacrum (Vaults:2)
  A hornet (shapeshifter) (D:15)
  Prince Ribbit (D:6)
  9 snapping turtles
  3 dream sheep
  3 centaur simulacra
  A stone giant simulacrum (Vaults:2)
  77 redbacks
  3 shadows
  Sigmund (D:4)
  A spriggan (shapeshifter) (Vaults:1)
  19 tarantellas
  17 water elementals
  3 wyverns
  8 wraiths
  3 vampires (D:13)
  3 fire elementals (Spider:1)
  53 yaks
  7 basilisks
  14 steam dragons
  4 hungry ghosts
  3 vampire mosquitoes (D:15)
  5 wargs
  3 acid dragons
  4 soldier ants
  11 water moccasins
  17 hell hounds
  13 porcupines
  A hornet zombie (D:15)
  3 ice beasts
  A meliai simulacrum (D:14)
  74 orc warriors
  13 black bears
  5 sky beasts
  A black bear (shapeshifter) (Vaults:3)
  An eye of draining (shapeshifter) (Vaults:3)
  4 phantoms
  A human skeleton (Vaults:2)
  24 ogres
  An ogre (shapeshifter) (Vaults:4)
  15 boggarts
  22 wolves
  10 centaurs
  11 crocodiles
  A big kobold (D:7)
  17 bullfrogs
  Blork the orc (D:5)
  A gnoll sergeant (D:7)
  A water moccasin zombie (D:5)
  A wyvern skeleton (D:15)
  4 scorpions
  3 human simulacra (Vaults:2)
  4 killer bees (D:11)
  3 howler monkeys
  13 wights
  3 electric eels
  14 crimson imps
  A bullfrog zombie (D:9)
  3 jellies
  4 centaur skeletons
  5 hounds
  40 orc priests
  2 gnoll shamans
  6 iguanas
  Jessica (D:3)
  2 bullfrog skeletons
  13 worker ants
  27 orc wizards
  Robin (D:2)
  A hound skeleton (D:5)
  13 gnolls
  15 adders
  2 shadow imps
  An adder zombie (D:6)
  4 adder skeletons
  3 worms
  A dart slug (D:4)
  6 leopard geckos
  159 orcs
  2 giant cockroaches
  15 goblins
  10 hobgoblins
  18 jackals
  11 kobolds
  8 quokkas
  A ball python (D:2)
  14 bats
  4 frilled lizards
  2 gnoll zombies (D:9)
  A leopard gecko skeleton (D:6)
  2 quokka zombies
  10 rats
  A plant (Lair:6)
  4 tentacles
1823 creatures vanquished.

Vanquished Creatures (others)
  An ironheart preserver (Vaults:5)
  2 deep elf knights
  A jumping spider (Spider:1)
  A redback (Spider:1)
  An orc warrior (Vaults:1)
  A human (D:9)
  An orc wizard (Orc:2)
  An orc (Vaults:1)
  A bush (Lair:6)
  15 fungi (Lair:6)
  23 plants
  36 tentacles
84 creatures vanquished.

Grand Total: 1907 creatures vanquished

Notes
Turn   | Place    | Note
-------+----------+-------------------------------------------
     0 | D:1      | Raukatau the Merfolk Gladiator began the quest for the Orb.
     0 | D:1      | Reached XP level 1. HP: 16/16 MP: 1/1
   131 | D:1      | Reached skill level 5 in Polearms
   271 | D:1      | Reached XP level 2. HP: 22/22 MP: 2/2
   768 | D:2      | Reached XP level 3. HP: 15/27 MP: 3/3
  1198 | D:2      | Reached XP level 4. HP: 28/33 MP: 4/4
  1507 | D:2      | Found an iron altar of Okawaru.
  1513 | D:2      | Became a worshipper of Warmaster Okawaru
  1725 | D:2      | Gained mutation: You are robust. (+10% HP) [potion of mutation]
  1725 | D:2      | Gained mutation: You have a beak for a mouth. [potion of mutation]
  1725 | D:2      | Gained mutation: Your muscles are strong. (Str +2) [potion of mutation]
  2105 | D:2      | Noticed Robin
  2116 | D:2      | Killed Robin
  2182 | D:2      | Reached XP level 5. HP: 41/41 MP: 5/5
  2446 | D:3      | Noticed Jessica
  2454 | D:3      | Killed Jessica
  2497 | D:3      | Found a sacrificial altar of Ru.
  3013 | D:3      | Reached * piety under Okawaru
  3013 | D:3      | Reached XP level 6. HP: 42/48 MP: 6/6
  3052 | D:3      | Reached skill level 10 in Polearms
  3300 | D:4      | Noticed tschems's ghost (amateur HuFi)
  3600 | D:4      | HP: 2/48 [tschems's ghost (9)]
  3905 | D:4      | Found a staircase to the Ecumenical Temple.
  3921 | D:4      | Noticed Sigmund
  4347 | D:4      | Reached XP level 7. HP: 44/55 MP: 7/7
  4902 | D:3      | Reached skill level 1 in Shields
  5014 | D:4      | Killed Sigmund
  5034 | D:4      | Killed tschems's ghost
  5034 | D:4      | Reached XP level 8. HP: 53/61 MP: 6/8
  5198 | D:5      | Entered Level 5 of the Dungeon
  5262 | D:5      | Noticed a hippogriff
  5273 | D:5      | Killed a hippogriff
  5273 | D:5      | Reached ** piety under Okawaru
  5274 | D:5      | Found a glowing golden altar of the Shining One.
  5490 | D:5      | Found a sparkling altar of Nemelex Xobeh.
  5519 | D:5      | Found a glowing silver altar of Zin.
  5555 | D:5      | Found an opulent altar of Gozag.
  5555 | D:5      | Found a shadowy altar of Dithmenos.
  5597 | D:5      | Reached skill level 5 in Shields
  5670 | D:5      | Gained mutation: You have a somewhat thin skeletal structure. (Dex +2, Stealth) [mutagenic meat]
  5766 | D:5      | Found a deep blue altar of Sif Muna.
  5810 | D:5      | Identified Sif Muna's Collected Works on the Mountains
  5992 | D:5      | Found a bloodstained altar of Trog.
  6014 | D:5      | Reached XP level 9. HP: 67/67 MP: 9/9
  6026 | D:5      | Found a snail-covered altar of Cheibriados.
  6028 | D:5      | Found an opulent altar of Gozag.
  6028 | D:5      | Found an opulent altar of Gozag.
  6030 | D:5      | Found a shimmering altar of Xom.
  6030 | D:5      | Found a hazy altar of Hepliaklqana.
  6030 | D:5      | Found a glowing golden altar of the Shining One.
  6188 | D:6      | Noticed Blork the orc
  6215 | D:5      | Killed Blork the orc
  6247 | D:6      | Reached *** piety under Okawaru
  6384 | D:6      | Found Huikio's Distillery.
  6481 | D:6      | Noticed Prince Ribbit
  6513 | D:6      | Reached skill level 1 in Invocations
  6518 | D:6      | Killed Prince Ribbit
  6623 | D:6      | Reached skill level 5 in Dodging
  7152 | D:7      | Reached **** piety under Okawaru
  7241 | D:7      | Found a shimmering altar of Xom.
  7300 | D:7      | Got a pearl-encrusted leather armour
  7345 | D:7      | Identified the cursed +1 leather armour of Indemnity {*Contam Regen+ SInv} (You found it on level 7 of the Dungeon)
  7372 | D:7      | Received a gift from Okawaru
  7408 | D:7      | Reached XP level 10. HP: 80/80 MP: 11/13
  7452 | D:7      | Reached skill level 5 in Fighting
  7522 | D:7      | Identified a scroll of acquirement
  7523 | D:7      | Got a brightly glowing demon trident
  7525 | D:7      | Identified the +4 demon trident "Astopeic" {vamp, -Tele rC+ SInv} (You acquired it on level 7 of the Dungeon)
  7740 | D:7      | Noticed a two-headed ogre
  7757 | D:7      | Killed a two-headed ogre
  7844 | D:8      | Noticed destino's ghost (novice OpTm)
  7926 | D:7      | Reached ***** piety under Okawaru
  7960 | D:8      | Killed destino's ghost
  8068 | D:8      | Noticed a two-headed ogre
  8203 | D:8      | Killed a two-headed ogre
  8203 | D:8      | Reached skill level 10 in Dodging
  8203 | D:8      | Reached XP level 11. HP: 72/95 MP: 9/14
  8522 | D:8      | Found a blossoming altar of Fedhas.
  8945 | D:9      | Found a roughly hewn altar of Beogh.
  8953 | D:9      | Found a staircase to the Orcish Mines.
  9110 | D:9      | Found an ancient bone altar of Kikubaaqudgha.
  9110 | D:9      | Noticed Maurice
  9122 | D:9      | Killed Maurice
  9122 | D:9      | Reached ****** piety under Okawaru
  9238 | D:9      | Found a staircase to the Lair.
  9238 | D:9      | Noticed Erolcha
  9246 | D:9      | Killed Erolcha
  9246 | D:9      | Received a gift from Okawaru
  9246 | D:9      | Reached skill level 10 in Fighting
  9358 | D:9      | Found a stormy altar of Qazlal.
  9364 | D:9      | Received a gift from Okawaru
  9409 | D:9      | Found a basalt altar of Yredelemnul.
  9550 | D:10     | Entered Level 10 of the Dungeon
  9555 | D:10     | Noticed Fannar
  9643 | D:10     | Killed Fannar
 10451 | D:11     | Noticed a cyclops
 10457 | D:11     | Killed a cyclops
 10694 | D:11     | Reached XP level 12. HP: 110/110 MP: 15/15
 10697 | D:11     | Found Elaom's Magic Scroll Boutique.
 10718 | D:11     | Received a gift from Okawaru
 10731 | D:11     | Gained mutation: Potions are less effective at restoring your health. [mutagenic glow]
 10748 | D:11     | Gained mutation: Your spells are a little easier to cast, but a little less powerful. [mutagenic meat]
 12308 | D:13     | Reached skill level 15 in Dodging
 12489 | D:13     | Noticed a centaur warrior
 12490 | D:13     | Noticed a two-headed ogre
 12491 | D:13     | Noticed a two-headed ogre
 12492 | D:13     | Noticed an ogre mage
 12501 | D:13     | Killed a two-headed ogre
 12506 | D:13     | Killed a two-headed ogre
 12514 | D:13     | Killed a centaur warrior
 12514 | D:13     | Received a gift from Okawaru
 12514 | D:13     | Reached XP level 13. HP: 75/122 MP: 7/16
 12523 | D:13     | Got an ichor-stained glaive {god gift}
 12823 | D:13     | Found a gate to the Vaults.
 12903 | D:13     | Found Biec's Blood Bar.
 13448 | D:14     | Found Saocuece's Assorted Antiques.
 13569 | D:14     | Found a portal to a secret trove of treasure.
 13698 | D:14     | Reached skill level 1 in Armour
 14081 | D:14     | Found a shadowy altar of Dithmenos.
 14087 | D:14     | Received a gift from Okawaru
 14133 | D:15     | Entered Level 15 of the Dungeon
 14160 | D:15     | Noticed Roxanne
 14220 | D:15     | Reached skill level 5 in Invocations
 14962 | D:15     | Paralysed by a hornet for 3 turns
 15075 | D:15     | Reached skill level 15 in Fighting
 15075 | D:15     | Reached XP level 14. HP: 135/135 MP: 15/18
 15167 | D:15     | Received a gift from Okawaru
 15194 | D:15     | Found a staircase to the Depths.
 15457 | Lair:1   | Entered Level 1 of the Lair of Beasts
 15712 | Lair:1   | Identified the +7 glaive "Zoziru" {venom, +Inv rF+ rC+ MP+9} (Okawaru gifted it to you on level 13 of the Dungeon)
 15956 | Lair:1   | Reached skill level 5 in Armour
 16600 | Lair:2   | Found a hole to the Spider Nest.
 16647 | Lair:2   | Received a gift from Okawaru
 17725 | Lair:3   | Received a gift from Okawaru
 18574 | Lair:4   | Reached XP level 15. HP: 144/144 MP: 22/22
 18604 | Lair:4   | Received a gift from Okawaru
 18611 | Lair:4   | Found a staircase to the Shoals.
 18920 | Lair:4   | Reached skill level 10 in Invocations
 19222 | Lair:5   | Found a runed door.
 19222 | Lair:5   | Found a viscous altar of Jiyva.
 19222 | Lair:5   | Found a staircase to the Slime Pits.
 19329 | Lair:5   | Received a gift from Okawaru
 19374 | Lair:5   | Got a pair of encrusted gloves
 19385 | Lair:5   | Identified the +1 pair of gloves of Cauchom {SInv} (You found it on level 5 of the Lair of Beasts)
 19930 | Lair:6   | Entered Level 6 of the Lair of Beasts
 19944 | Lair:6   | Noticed Rupert
 19968 | Lair:6   | Killed Rupert
 20229 | Lair:6   | Received a gift from Okawaru
 21439 | Lair:6   | Reached XP level 16. HP: 155/155 MP: 24/24
 21736 | Orc:1    | Entered Level 1 of the Orcish Mines
 21785 | D:9      | Received a gift from Okawaru
 21797 | D:9      | Identified a +2 pair of boots of running (Okawaru gifted it to you on level 9 of the Dungeon)
 22290 | Orc:2    | Entered Level 2 of the Orcish Mines
 22323 | Orc:2    | Found Dionker's Jewellery Emporium.
 22339 | Orc:2    | Found Dypod's Antique Armour Shoppe.
 22352 | Orc:2    | Found Utonyodae's Book Boutique.
 22405 | Orc:2    | Found a flickering gateway to a bazaar.
 22436 | Bazaar   | Entered a bazaar
 22441 | Bazaar   | Found Lesom's Jewellery Boutique.
 22459 | Bazaar   | Found Xisifire's Antique Armour Emporium.
 22476 | Bazaar   | Found Nidar's Assorted Antiques.
 22493 | Bazaar   | Found Mefanoodgh's Gadget Shoppe.
 22515 | Bazaar   | Bought the ring "Jewoh" {rElec rF+ Slay+2 SInv} for 619 gold pieces
 22547 | Bazaar   | Bought a scroll of enchant armour for 157 gold pieces
 22643 | Orc:2    | Found a staircase to the Elven Halls.
 22814 | Orc:2    | Found a roughly hewn altar of Beogh.
 22884 | Orc:2    | Found a roughly hewn altar of Beogh.
 23014 | Orc:2    | Found a roughly hewn altar of Beogh.
 23042 | Orc:2    | Found Abi Hisch's Armour Shoppe.
 23117 | Orc:2    | Found a roughly hewn altar of Beogh.
 23141 | Orc:2    | Found Haveaw's Antique Armour Emporium.
 23149 | Orc:2    | Bought a glowing buckler for 150 gold pieces
 23149 | Orc:2    | Bought a pair of ancient gloves for 190 gold pieces
 23171 | Orc:2    | Identified the +2 pair of gloves of Decompression {Slay+3} (You bought it in a shop on level 2 of the Orcish Mines)
 23218 | Orc:2    | Found a roughly hewn altar of Beogh.
 23444 | Orc:2    | Found Enu Cuqa's Antique Armour Shop.
 23444 | Orc:2    | Found a roughly hewn altar of Beogh.
 23445 | Orc:2    | Found Cass's Antique Weapon Boutique.
 23607 | Orc:2    | Reached skill level 10 in Armour
 23828 | Spider:1 | Entered Level 1 of the Spider Nest
 24273 | Spider:1 | Received a gift from Okawaru
 24354 | Spider:1 | Got a shimmering ivory amulet
 24358 | Spider:1 | Identified the amulet of the Several Dances {Harm *Drain Str+5 Dex-2 Slay+2} (You acquired it on level 1 of the Spider Nest)
 24552 | Spider:1 | Noticed Frances
 24577 | Spider:1 | Killed Frances
 24627 | Spider:1 | Reached skill level 15 in Polearms
 24659 | Spider:1 | Noticed Agnes
 24676 | Spider:1 | Killed Agnes
 24856 | Spider:2 | Reached XP level 17. HP: 163/166 MP: 23/25
 24894 | Spider:2 | Noticed Nikola
 24915 | Spider:2 | Killed Nikola
 24961 | Spider:2 | Noticed Azrael
 25054 | Spider:1 | Killed Azrael
 25261 | Spider:2 | Received a gift from Okawaru
 25262 | Spider:2 | Got a crude scale mail {god gift}
 25273 | Spider:2 | Identified the +0 scale mail of Okawaru's Envy {Str+4} (Okawaru gifted it to you on level 2 of the Spider Nest)
 27232 | Spider:3 | Received a gift from Okawaru
 27273 | Spider:4 | Entered Level 4 of the Spider Nest
 27401 | Spider:4 | Received a gift from Okawaru
 27497 | Spider:4 | Reached XP level 18. HP: 178/178 MP: 24/26
 27922 | Spider:4 | Paralysed by a hornet for 2 turns
 28099 | Spider:4 | Got a gossamer rune of Zot
 28607 | Shoals:1 | Entered Level 1 of the Shoals
 28876 | Shoals:1 | Noticed Louise
 28915 | Shoals:1 | Killed Louise
 29028 | Shoals:1 | Received a gift from Okawaru
 30817 | Shoals:3 | Noticed Bai Suzhen
 30856 | Shoals:3 | Killed Bai Suzhen
 30880 | Shoals:3 | Reached XP level 19. HP: 187/187 MP: 22/27
 31084 | Shoals:3 | Found a gateway to a bazaar.
 31095 | Bazaar   | Entered a bazaar
 31095 | Bazaar   | Found Xuepruenk's Magic Scroll Shop.
 31101 | Bazaar   | Bought a scroll of magic mapping for 31 gold pieces
 31101 | Bazaar   | Bought a scroll of teleportation for 27 gold pieces
 31101 | Bazaar   | Bought a scroll of acquirement for 468 gold pieces
 31105 | Bazaar   | Found Jeyhuod's Assorted Antiques.
 31115 | Bazaar   | Found Sigi's Distillery.
 31119 | Bazaar   | Found Gydusyxi's Book Shop.
 31123 | Bazaar   | Bought a potion of agility for 60 gold pieces
 31126 | Bazaar   | Found Oxisebog's Jewellery Shoppe.
 31143 | Bazaar   | Bought a potion of resistance for 150 gold pieces
 31182 | Bazaar   | Bought a scroll of blinking for 180 gold pieces
 31392 | Shoals:3 | Received a gift from Okawaru
 31481 | Shoals:3 | Noticed Polyphemus
 31499 | Shoals:3 | Killed Polyphemus
 31757 | Shoals:4 | Entered Level 4 of the Shoals
 32231 | Shoals:4 | Noticed Ilsuiw
 32316 | Shoals:4 | Killed Ilsuiw
 32543 | Shoals:4 | Noticed koelner's ghost (adept DsVM)
 32565 | Shoals:4 | Killed koelner's ghost
 33449 | Shoals:4 | Got a barnacled rune of Zot
 33633 | Shoals:4 | Received a gift from Okawaru
 33713 | Shoals:4 | Got a scintillating amethyst amulet
 33714 | Shoals:4 | Identified the amulet of Honiweps {Harm *Drain rPois rF- Int+3} (You acquired it on level 4 of the Shoals)
 34030 | D:14     | You paid a toll of 7 potions of agility to enter a treasure trove
 34031 | Trove    | Entered a treasure trove
 34105 | Trove    | Got a fine arbalest
 34113 | Trove    | Got a slimy golden ring
 34149 | Trove    | Got a faintly humming ring mail
 34169 | D:14     | Identified the ring of Wuciub {*Contam rElec rN+ MR+ SInv} (You found it in a treasure trove)
 34190 | D:14     | Identified the +2 ring mail "Onniaj" {*Contam rF+++ rN+ Stlth+} (You found it in a treasure trove)
 34203 | D:14     | Gained mutation: Scrolls take you a little longer to read. [mutagenic glow]
 34510 | Vaults:1 | Entered Level 1 of the Vaults
 34567 | Vaults:1 | Reached XP level 20. HP: 198/198 MP: 26/28
 34609 | Vaults:1 | Identified the cursed +1 arbalest "Ufysio" {penet, +Blink rPois rF- rN+++} (You found it in a treasure trove)
 34611 | Vaults:1 | Gained mutation: You are somewhat resistant to further mutation. [mutagenic meat]
 34613 | Vaults:1 | Lost mutation: Your muscles are strong. (Str +2) [mutagenic meat]
 34621 | Vaults:1 | Gained mutation: You are clumsy. (Dex -2) [mutagenic meat]
 34622 | Vaults:1 | Lost mutation: You are somewhat resistant to further mutation. [mutagenic meat]
 34623 | Vaults:1 | Lost mutation: You are robust. (+10% HP) [potion of mutation]
 34623 | Vaults:1 | Lost mutation: Scrolls take you a little longer to read. [potion of mutation]
 34623 | Vaults:1 | Lost mutation: You are clumsy. (Dex -2) [potion of mutation]
 34623 | Vaults:1 | Lost mutation: You have a somewhat thin skeletal structure. (Dex +2, Stealth) [potion of mutation]
 34623 | Vaults:1 | Lost mutation: You have a beak for a mouth. [potion of mutation]
 34623 | Vaults:1 | Gained mutation: Your movements are slightly less encumbered by armour. (ER -2) [potion of mutation]
 34623 | Vaults:1 | Gained mutation: You are dopey. (Int -2) [potion of mutation]
 34623 | Vaults:1 | Lost mutation: You are dopey. (Int -2) [potion of mutation]
 34999 | D:14     | Bought a bloodstained plate armour for 1008 gold pieces
 35009 | D:14     | Identified the +2 plate armour of Pimukhlia {rPois} (You bought it in a shop on level 14 of the Dungeon)
 35526 | Vaults:1 | Noticed Saint Roka
 35577 | Vaults:1 | Reached skill level 10 in Shields
 35608 | Vaults:1 | Killed Saint Roka
 35678 | Vaults:1 | Received a gift from Okawaru
 36886 | Vaults:2 | Noticed Sojobo
 36915 | Vaults:2 | Killed Sojobo
 37160 | Vaults:2 | Received a gift from Okawaru
 37169 | Vaults:2 | Reached XP level 21. HP: 176/187 MP: 26/29
 37263 | Vaults:2 | Got a warped scale mail {god gift}
 37283 | Vaults:2 | Identified the +1 scale mail "Giskun" {Str-4 Int+6} (Okawaru gifted it to you on level 2 of the Vaults)
 37309 | Vaults:2 | Found Qiom's Jewellery Shoppe.
 37648 | Vaults:2 | Reached skill level 15 in Shields
 38100 | Vaults:2 | Received a gift from Okawaru
 38714 | Vaults:3 | Found a bloodstained altar of Trog.
 38737 | Vaults:3 | Found a roughly hewn altar of Beogh.
 39086 | Vaults:3 | Found a staircase to the Crypt.
 39459 | Vaults:3 | Paralysed by a great orb of eyes for 2 turns
 39989 | Vaults:3 | Found Jeor's Food Boutique.
 39999 | Vaults:3 | Reached XP level 22. HP: 196/196 MP: 30/30
 40409 | Vaults:4 | Received a gift from Okawaru
 40451 | Vaults:4 | Received a gift from Okawaru
 40561 | Vaults:4 | Found Miles's Antique Weapon Shop.
 40571 | Vaults:4 | Noticed Jorgrun
 40600 | Vaults:3 | Killed Jorgrun
 40670 | Vaults:4 | Received a gift from Okawaru
 40794 | Vaults:4 | Got a pitted glass ring
 40800 | Vaults:4 | Identified the ring "Gimuwune" {Int+2 Stlth+} (You found it on level 4 of the Vaults)
 41987 | Vaults:4 | Received a gift from Okawaru
 42091 | Vaults:5 | Entered Level 5 of the Vaults
 42263 | Vaults:5 | Noticed a golden dragon
 42387 | Vaults:5 | Noticed a golden dragon
 42671 | Vaults:5 | Reached XP level 23. HP: 80/205 MP: 1/31
 42703 | Vaults:4 | Killed a golden dragon
 43234 | Vaults:5 | HP: 3/206 [tengu reaver/bardiche of chopping (15)]
 43234 | Vaults:5 | Slain by a tengu reaver

Skill      XL: |  1  2  3  4  5  6  7  8  9 10 11 12 13 14 15 16 17 18 19 20 21 22 23 |
---------------+----------------------------------------------------------------------+-----
Polearms       | 5 6 7 8 9 10 12 13 14 15 17 19 20 | 20.0
Shields        | 3 6 13 15 | 15.0
Invocations    | 4 6 9 11 | 11.0
Fighting       | 4 8 11 13 15 16 17 18 19 20 21 22 23 | 23.0
Dodging        | 6 10 13 15 16 18 19 20 21 22 23 | 23.1
Armour         | 4 6 8 10 11 12 | 12.6
Throwing       | |  2.0

Action                   |  1- 3 |  4- 6 |  7- 9 | 10-12 | 13-15 | 16-18 | 19-21 | 22-24 || total
-------------------------+-------+-------+-------+-------+-------+-------+-------+-------++-------
Melee: Trident           |    81 |   219 |   422 |    30 |       |       |       |       ||   752
       Peck              |       |    37 |    63 |   161 |   411 |   416 |   128 |       ||  1216
       Demon trident     |       |       |       |   785 |  1561 |  1947 |  2507 |  1089 ||  7889
       Tailslap          |       |       |       |       |    14 |    30 |    32 |       ||    76
Throw: Throwing net      |       |       |     6 |       |       |       |       |       ||     6
       Stone             |       |       |     1 |       |       |       |       |       ||     1
       Javelin           |       |       |       |       |       |     6 |       |       ||     6
Invok: Heroism           |       |       |     1 |     1 |     3 |    11 |     7 |     5 ||    28
       Finesse           |       |       |       |       |     1 |     8 |     6 |     6 ||    21
Evoke: Wand              |       |       |       |       |     2 |     1 |     9 |       ||    12
  Use: Potion            |       |     3 |       |     1 |     1 |     2 |     3 |     3 ||    13
       Scroll            |       |     7 |     4 |     5 |    16 |     8 |     8 |    11 ||    59
 Stab: Distracted        |     1 |       |       |     2 |     1 |       |       |     1 ||     5
       Sleeping          |     6 |     3 |       |     6 |       |       |       |       ||    15
       Held in net/web   |       |       |       |       |       |     3 |       |       ||     3
       Petrified         |       |       |       |       |       |       |    12 |       ||    12
  Eat: Chunk             |       |     8 |    12 |    20 |    29 |    25 |    40 |    10 ||   144
       Fruit             |       |     1 |     3 |       |     2 |     5 |     4 |     1 ||    16
       Bread ration      |       |       |       |     1 |       |       |       |       ||     1
Armor: Leather armour    |     9 |    18 |       |    37 |       |       |       |       ||    64
       Scale mail        |       |    13 |    65 |       |       |       |       |       ||    78
       Plate armour      |       |       |       |    47 |   380 |   662 |   565 |   211 ||  1865
       Gold dragon scale |       |       |       |       |       |       |       |    26 ||    26
Dodge: Dodged            |    42 |    84 |    97 |   237 |   520 |   992 |  1223 |   472 ||  3667
       Deflected         |       |       |       |       |       |       |    54 |     9 ||    63
Block: Buckler           |       |       |    24 |   149 |   398 |   516 |   562 |       ||  1649
       Shield            |       |       |       |       |       |       |   245 |   575 ||   820
